 Dungeon Crawl Stone Soup version 0.29-a0-757-g358383bc75 (webtiles) character file.

Game seed: 14014130386887914662

92 coolguy69 the Cutter (level 4, -5/24 HPs)
             Began as a Vine Stalker Monk on July 1, 2022.
             Killed by divine providence
             ... invoked by an orc priest
              (13 damage)
             ... on level 3 of the Dungeon.
             The game lasted 00:01:47 (2614 turns).

coolguy69 the Cutter (Vine Stalker Monk)            Turns: 2614, Time: 00:01:48

Health: -5/24      AC:  3    Str: 14    XL:     4   Next: 60%
Magic:  0/5        EV: 13    Int: 10    God:
Gold:   92         SH:  0    Dex: 18    Spells: 3/3 levels left

rFire   . . .      SeeInvis .   a - +0 short sword
rCold   . . .      Faith    .   (no shield)
rNeg    . . .      Spirit   +   b - +0 robe
rPois   .          Reflect  .   (no helmet)
rElec   .          Harm     .   (no cloak)
rCorr   .          Rampage  .   e - +0 pair of gloves
Will    .....                   (no boots)
Stlth   +++.......              (no amulet)
HPRegen 0.88/turn               (no ring)
MPRegen 0.09/turn               (no ring)

@: no status effects
A: fangs 2, regeneration 1, magic shield, antimagic bite, no potion heal 2
a: no special abilities


You were on level 3 of the Dungeon.
You visited 1 branch of the dungeon, and saw 3 of its levels.

You collected 92 gold pieces.

Inventory:

Hand Weapons
 a - a +0 short sword (weapon)
Armour
 b - a +0 robe (worn)
 e - a +0 pair of gloves (worn)
Jewellery
 m - a +6 ring of intelligence
 o - a ring of see invisible
Scrolls
 d - 2 scrolls of vulnerability {unknown}
 f - 2 scrolls of enchant armour {unknown}
 g - a scroll of identify {unknown}
 i - a scroll of fog {unknown}
 j - 4 scrolls of immolation {unknown}
 l - 2 scrolls of summoning {unknown}
 n - a scroll of fear {unknown}
 r - a scroll of magic mapping {unknown}
Potions
 c - a potion of ambrosia
 k - a potion of curing {unknown}
 p - a potion of resistance {unknown}
 s - 2 potions of brilliance {unknown}
 t - a potion of berserk rage {unknown}


   Skills:
 + Level 3.1 Fighting
 + Level 3.5 Short Blades
 + Level 3.0 Dodging
 + Level 3.5 Stealth


You had 3 spell levels left.
You didn't know any spells.
Your spell library was empty.

Dungeon Overview and Level Annotations

Branches:
Dungeon (3/15)

Altars:


Innate Abilities, Weirdness & Mutations

You have extremely sharp teeth.
Your natural rate of healing is unusually fast.
When hurt, damage is shared between your health and your magic reserves.
Your bite disrupts and absorbs the magic of your enemies.
Potions cannot restore your health.


Message History

The quokka closely misses you.
You hit the orc. You bite the orc.
You kill the orc!
The quokka bites you but does no damage.
Your Dodging skill increases to level 3!
You hit the orc. You bite the orc, but do no damage.
The orc is moderately wounded.
The quokka bites you. The orc misses you.
You hit the orc but do no damage.
The orc is moderately wounded.
The quokka closely misses you. The orc hits you with a +0 hand axe.
You hit the orc. You bite the orc.
You kill the orc!
The quokka closely misses you.
Unknown command.
You hit the orc priest. You bite the orc priest. You drain its power.
You feel invigorated.
The orc priest is moderately wounded.
The quokka bites you.
You hit the orc warrior but do no damage.
The quokka closely misses you. The orc priest hits you with a +0 whip.
The quokka bites you but does no damage.
Unknown command.
The orc warrior shoots a bolt.
The bolt barely misses you.
The orc priest calls down the wrath of Beogh upon you.
Beogh smites you! The quokka attacks as you move away! The quokka bites you.
* * * LOW HITPOINT WARNING * * *
The quokka attacks as you move away! The quokka closely misses you.
The orc priest begins to cast a cantrip, but forgets the words!
Unknown command.
The quokka attacks as you move away! The quokka bites you.
* * * LOW HITPOINT WARNING * * *
The orc warrior shoots a bolt.
The bolt closely misses you.
There is a stone staircase leading up here.
The quokka bites you.
The orc priest invokes the aid of Beogh against you.
Beogh smites you!
Ouch! That really hurt!
You die...

#.# #.# #.# #.# #
#.# .# #.# ..#
###.###...##.
#@r..o)......
........#.o))......
######..#####..#..#
#..# .....# #...
....# #).# ..!.#
#..# ...# #.#. ...#


You could see an orc warrior, an orc priest and a quokka.

Vanquished Creatures
  An orc wizard (D:3)
  2 adders (D:2)
  3 dart slugs
  2 orcs (D:3)
  4 endoplasms
  3 giant cockroaches
  A goblin (D:2)
  4 hobgoblins
  4 jackals (D:2)
  3 quokkas
  3 ball pythons (D:2)
  4 bats
  A frilled lizard (D:2)
  A kobold (D:1)
  2 rats
38 creatures vanquished.

Notes
Turn   | Place    | Note
-------+----------+-------------------------------------------
     0 | D:1      | coolguy69 the Vine Stalker Monk began the quest for the
                  | Orb.
     0 | D:1      | Reached XP level 1. HP: 11/11 MP: 2/2
   308 | D:1      | Reached XP level 2. HP: 16/16 MP: 3/3
   400 | D:1      | Found a faded altar of an unknown god.
  1306 | D:2      | Reached XP level 3. HP: 15/19 MP: 2/4
  2571 | D:2      | Gained mutation: Your natural rate of healing is unusually
                  | fast. [Vine Stalker growth]
  2571 | D:2      | Reached XP level 4. HP: 23/24 MP: 5/5
  2598 | D:3      | Noticed an orc warrior
  2614 | D:3      | Killed from afar by an orc priest

Illustrated notes

Levels and vault maps discovered:
D:1:      dpeg_arrival_brainrot, layout_loops_corners,
          ebering_ecumenical_altar_hall
D:2:      layout_rooms
D:3:      layout_loops_ring, chequers_temple_overflow_statue_of_worship,
          cheibrodos_sewer_entry_bend, minmay_fractal_squares_5

Skill      XL: |  1  2  3  4 |
---------------+-------------+-----
Short Blades   | 3 |  3.5
Stealth        | 3 |  3.5
Fighting       | 3 |  3.1
Dodging        | 3 |  3.0

Action                   |  1- 3 |  4- 6 || total
-------------------------+-------+-------++-------
Melee: Short sword       |   108 |    11 ||   119
       Bite              |    18 |     6 ||    24
  Use: Potion            |     3 |       ||     3
 Stab: Sleeping          |     8 |       ||     8
Armor: Robe              |    42 |     2 ||    44
       Skin              |     5 |       ||     5
Dodge: Dodged            |    89 |    11 ||   100

Table legend: (Time is in decaauts)
 A = Elapsed time spent in this place.
 B = Non-inter-level travel time spent in this place.
 C = Inter-level travel time spent in this place.
 D = Time resting spent in this place.
 E = Time spent auto-exploring this place.
 F = Levels seen in this place.
 G = Mean time per level.
                   A        B        C        D        E       F      G
               +--------+--------+--------+--------+--------+-----+--------+
         Total |   2607 |   2558 |     49 |    508 |   1769 |   3 |  869.0 |
       Dungeon |   2607 |   2558 |     49 |    508 |   1769 |   3 |  869.0 |
               +--------+--------+--------+--------+--------+-----+--------+

Top non-repeatable levels by time:
     D:2: 1355 daAuts
     D:1: 1232 daAuts
     D:3: 18 daAuts
